 Dungeon Crawl Stone Soup version 0.19.4 (webtiles) character file.

574 Kiturien the Digger (level 7, 0/36 HPs)
             Began as a Gargoyle Earth Elementalist on Feb 1, 2017.
             Slain by a scorpion (6 damage)
             ... on level 5 of the Dungeon.
             The game lasted 00:21:03 (5062 turns).

Kiturien the Digger (Gargoyle Earth Elementalist)   Turns: 5062, Time: 00:21:04

Health: 0/36       AC:  6    Str: 12    XL:     7   Next: 35%
Magic:  1/14       EV: 12    Int: 17    God:
Gold:   189        SH:  0    Dex: 10    Spells: 4 memorised, 6 levels left

rFire  . . .     SeeInvis .     l - +0 dagger
rCold  . . .     Gourm    .     c - +0 robe
rNeg   + . .     Faith    .     (no shield)
rPois  ∞         Spirit   .     (no helmet)
rElec  +         Reflect  .     (no cloak)
rCorr  .         Harm     .     (no gloves)
MR     .....                    (no boots)
Stlth  ++........               (no amulet)
                                (no ring)
                                (no ring)

@: no status effects
A: negative energy resistance 1, electricity resistance, unbreathing,
petrification resistance, rot immunity, AC +4
a: no special abilities


You were on level 5 of the Dungeon.
You were not hungry.

You visited 1 branch of the dungeon, and saw 5 of its levels.

You collected 189 gold pieces.

Inventory:

Hand Weapons
 l - a +0 dagger (weapon)
Missiles
 b - 147 stones (quivered)
Armour
 c - a +0 robe (worn)
Wands
 o - a wand of slowing (22/48)
Scrolls
 g - a scroll of fear
 h - 2 scrolls of amnesia {unknown}
 k - a scroll of fog {unknown}
 m - 3 scrolls of teleportation
 n - 2 scrolls of remove curse
 p - a scroll of enchant weapon {unknown}
 q - a scroll of recharging {unknown}
 v - a scroll of noise {unknown}
Potions
 a - a potion of invisibility
 d - 2 potions of heal wounds
 f - 2 potions of ambrosia
 i - 2 potions of brilliance
 j - 4 potions of curing
 r - a potion of haste {unknown}
 s - a potion of beneficial mutation {unknown}
Books
 e - a book of Geomancy

   Spells                             Type                      Level
   a - Sandblast                      Earth                        1
   b - Passwall                       Transmutation/Earth          2
   c - Stone Arrow                    Conjuration/Earth            3
   d - Petrify                        Transmutation/Earth          4
   e - Lee's Rapid Deconstruction     Earth                        5
 t - a book of Cantrips

   Spells                             Type                      Level
   a - Confusing Touch                Hexes                        1
   b - Animate Skeleton               Necromancy                   1
   c - Summon Small Mammal            Summoning                    1
   d - Apportation                    Translocation                1


   Skills:
 + Level 1.6 Dodging
 - Level 2.1 Stealth
 + Level 5.0 Spellcasting
 + Level 1.5 Conjurations
 - Level 0.7 Transmutations
 + Level 7.3 Earth Magic


You had 6 spell levels left.
You knew the following spells:

 Your Spells              Type           Power        Failure   Level  Hunger
a - Sandblast             Erth           ####..       1%          1    None
b - Stone Arrow           Conj/Erth      ###...       10%         3    ###....
c - Passwall              Tmut/Erth      ###.......   4%          2    #......
d - Petrify               Tmut/Erth      ###.....     30%         4    ####...


Dungeon Overview and Level Annotations

Branches:
Dungeon (5/15)
 Temple: D:4-7

Altars:


Innate Abilities, Weirdness & Mutations

You are resistant to torment.
Your stone body is resilient. (AC +4)
You are immune to poison.
You resist negative energy. (rN+)
You are resistant to electric shocks. (rElec)
You can survive without breathing.
You are immune to petrification.
You are immune to rotting.


Message History

You closely miss the scorpion.
The scorpion is almost dead.
The scorpion misses you.
You closely miss the scorpion.
The scorpion is almost dead.
The scorpion barely misses you.
You hit the scorpion but do no damage.
The scorpion is almost dead.
The scorpion barely misses you.
You barely miss the scorpion.
The scorpion is almost dead.
The scorpion closely misses you.
You hit the scorpion but do no damage.
The scorpion is almost dead.
The scorpion stings you.
* * * LOW HITPOINT WARNING * * *
You completely miss the scorpion.
The scorpion is almost dead.
The scorpion stings you.
You die...

#. #### .. ###.P###
.## #^P≈.≈P####### #.
##
##....≈.PP^.P≈#######P
#................P≈...
#≈.....P≈.P≈.≈P.......
#P≈..s≈.#########..≈≈P
##≈≈.@P#........######
####≈..##.....÷.<.#
#..
#..######.#.....>.#
#)# #.## #.#.#.......#
#.#
#.#####.#.#.......#
#(#
#.##......#.......#
#(.
#.##.##.###########
### #.##.##.#
#.......#######


You could see a scorpion.

Vanquished Creatures
  An ogre (D:4)
  A quasit (D:5)
  3 hounds
  Jessica (D:2)
  An iguana (D:4)
  3 worker ants
  A hound zombie (D:5)
  2 worker ant zombies (D:3)
  9 adders
  4 gnolls
  A howler monkey skeleton (D:3)
  An adder skeleton (D:4)
  A worm (D:3)
  2 leopard geckos
  13 orcs
  2 ball pythons
  2 giant cockroaches
  7 goblins
  6 hobgoblins
  2 jackals (D:2)
  2 quokkas
  8 bats
  4 frilled lizards
  A jackal skeleton (D:4)
  2 kobolds
  5 rats
  A fungus (D:5)
86 creatures vanquished.

Vanquished Creatures (others)
  A fungus (D:5)
1 creature vanquished.

Grand Total: 87 creatures vanquished

Notes
Turn   | Place    | Note
-------+----------+-------------------------------------------
     0 | D:1      | Kiturien the Gargoyle Earth Elementalist began the quest for the Orb.
     0 | D:1      | Reached XP level 1. HP: 10/10 MP: 3/3
   654 | D:1      | Reached XP level 2. HP: 15/15 MP: 5/5
  1130 | D:2      | Noticed Jessica
  1134 | D:2      | Killed Jessica
  1134 | D:2      | Reached XP level 3. HP: 19/19 MP: 4/8
  1181 | D:2      | Learned a level 3 spell: Stone Arrow
  1205 | D:2      | Reached XP level 4. HP: 21/24 MP: 1/9
  1401 | D:2      | Reached skill level 4 in Earth Magic
  1961 | D:3      | Reached XP level 5. HP: 10/28 MP: 1/11
  2208 | D:3      | Reached skill level 1 in Conjurations
  2371 | D:3      | Learned a level 2 spell: Passwall
  2376 | D:3      | Learned a level 4 spell: Petrify
  3490 | D:3      | Reached skill level 5 in Spellcasting
  3512 | D:4      | Reached XP level 6. HP: 32/32 MP: 5/13
  3694 | D:4      | Reached skill level 5 in Earth Magic
  3866 | D:4      | Reached skill level 6 in Earth Magic
  4073 | D:5      | Entered Level 5 of the Dungeon
  4368 | D:4      | Reached XP level 7. HP: 21/36 MP: 7/14
  4592 | D:5      | Reached skill level 7 in Earth Magic
  4603 | D:5      | Noticed a steam dragon
  5062 | D:5      | Slain by a scorpion

Skill      XL: |  1  2  3  4  5  6  7 |
---------------+----------------------+-----
Spellcasting   | 3 4 5 |  5.0
Earth Magic    | 4 6 7 |  7.3
Conjurations   | 1 |  1.5
Dodging        | |  1.6
Stealth        | |  2.1
Transmutations | |  0.7

Action                   |  1- 3 |  4- 6 |  7- 9 || total
-------------------------+-------+-------+-------++-------
Melee: Unarmed           |    18 |       |       ||    18
       Dagger            |    25 |   265 |    77 ||   367
 Cast: Sandblast         |    20 |    21 |     2 ||    43
       Stone Arrow       |     1 |    55 |    19 ||    75
Evoke: Wand              |       |     1 |       ||     1
  Use: Scroll            |     1 |     8 |       ||     9
 Stab: Sleeping          |     2 |     3 |       ||     5
  Eat: Bread ration      |     1 |     1 |     1 ||     3
       Meat ration       |       |     1 |       ||     1
       Beef jerky        |       |     1 |       ||     1
       Pizza             |       |       |     1 ||     1
Armor: Robe              |    20 |    92 |    27 ||   139
Dodge: Dodged            |    38 |   185 |    46 ||   269
